 Dungeon Crawl Stone Soup version 0.25-a0-731-g0472a16d6a (webtiles) character file.

Game seed: 15338579033211323865, levelgen mode: deterministic

1197 MisterFreud the Shield-Bearer (level 8, -2/67 HPs)
             Began as a Gnoll Fighter on Apr 8, 2020.
             Was a Believer of Zin.
             Slain by a bullfrog (4 damage)
             ... on level 7 of the Dungeon.
             The game lasted 00:14:03 (3619 turns).

MisterFreud the Shield-Bearer (Gnoll Fighter)       Turns: 3619, Time: 00:14:03

Health: -2/67      AC:  9    Str: 20    XL:     8   Next: 44%
Magic:  10/12      EV: 10    Int: 16    God:    Zin [**....]
Gold:   153        SH: 11    Dex: 13    Spells: 13/13 levels left

rFire    . . .     SeeInvis .   z - +3 dagger (venom)
rCold    . . .     Gourm    .   c - +0 kite shield
rNeg     . . .     Faith    .   b - +0 scale mail
rPois    ∞         Spirit   .   (no helmet)
rElec    .         Reflect  .   v - +0 cloak
rCorr    .         Harm     .   (no gloves)
MR       .....                  (no boots)
Stlth    +.........             (no amulet)
HPRegen  0.21/turn              x - -3 ring of dexterity
MPRegen  0.13/turn              (no ring)

@: vitalised, mesmerised
A: distributed training, fangs 1, talons 1, strong nose
a: Recite, Vitalisation, Donate Gold, Renounce Religion


You were on level 7 of the Dungeon.
You worshipped Zin.
Zin was pleased with you.
You were not hungry.

You visited 1 branch of the dungeon, and saw 6 of its levels.

You collected 169 gold pieces.
You donated 16 gold pieces to Zin.

Inventory:

Hand Weapons
 a - a +0 rapier
 z - a +3 dagger of venom (weapon)
Missiles
 e - 69 stones (quivered)
 n - 32 bolts
 o - 38 sling bullets
 r - 25 poisoned darts
 u - 60 arrows
Armour
 b - a +0 scale mail (worn)
 c - a +0 kite shield (worn)
 j - a +1 robe of fire resistance
 v - a +0 cloak (worn)
Jewellery
 x - a -3 ring of dexterity (left hand)
Wands
 A - a wand of acid (12)
 E - a wand of paralysis (7)
Scrolls
 g - 4 scrolls of enchant weapon
 h - 3 scrolls of amnesia {unknown}
 m - 2 scrolls of teleportation {unknown}
 p - 2 scrolls of noise {unknown}
 q - 2 scrolls of remove curse
 s - a scroll of identify
 y - 3 scrolls of fog {unknown}
 B - a scroll of magic mapping {unknown}
Potions
 d - a potion of might
 i - 2 potions of mutation
 k - a potion of lignification
 l - a potion of berserk rage
 t - a potion of cancellation
 w - a potion of degeneration
 C - a potion of magic
 D - a potion of haste
Comestibles
 f - 6 rations


   Skills:
 + Level 7.3 Fighting
 + Level 5.6 Short Blades
 + Level 3.2 Long Blades
 + Level 3.2 Axes
 + Level 3.2 Maces & Flails
 + Level 3.2 Polearms
 + Level 3.2 Staves
 + Level 3.2 Slings
 + Level 3.2 Bows
 + Level 3.2 Crossbows
 + Level 3.2 Throwing
 + Level 7.3 Armour
 + Level 3.2 Dodging
 + Level 3.2 Stealth
 + Level 7.3 Shields
 + Level 3.2 Unarmed Combat
 + Level 3.2 Spellcasting
 + Level 2.6 Conjurations
 + Level 2.6 Hexes
 + Level 2.6 Charms
 + Level 2.6 Summonings
 + Level 2.6 Necromancy
 + Level 2.6 Translocations
 + Level 2.6 Transmutations
 + Level 2.6 Fire Magic
 + Level 2.6 Ice Magic
 + Level 2.6 Air Magic
 + Level 2.6 Earth Magic
 + Level 2.6 Poison Magic
 + Level 3.5 Invocations
 + Level 3.2 Evocations


You had 13 spell levels left.
You didn't know any spells.
Your spell library was empty.

Dungeon Overview and Level Annotations

Branches:
Dungeon (8/15)
 Temple: D:4-7         Lair: D:8-11

Altars:
Fedhas
Hepliaklqana
Nemelex Xobeh
Sif Muna
Zin

Annotations:
D:4 Dowan, Duvessa
D:7 Joseph, Maggie


Innate Abilities, Weirdness & Mutations

Your experience applies equally to all skills.
You have very sharp teeth.
Your uncanny sense of smell can sniff out nearby items.
You have sharp toenails.


Message History

The bolt of fire hits you!
The bullfrog hits you but does no damage.
The orc hits you but does no damage.
Unknown command.
You closely miss Maggie.
Maggie is severely wounded.
Maggie completely misses you. The bullfrog closely misses you.
You hit Maggie but do no damage. You claw Maggie.
Maggie is severely wounded.
The orc hits you but does no damage. You block the bullfrog's attack.
Maggie casts a spell at you. The bolt of fire hits you!!
* * * LOW HITPOINT WARNING * * *
Unknown command.
Unknown command.
Okay, then.
Unknown command.
Zin grants you divine stamina. The bullfrog hits you.
You die...

#.#.#.## .#.#.# # ##
.#.#... ..#.#. .. #.#
........... ..... ... ...
###....#.#.#######.#.#...
#..
.....###.#.........#.#.###
#####
.................)o......<
.....
.................o........
..[..
................o@........
.....
......#..#######@#.#.....
.....
......#..#.....#F#.@....$.
#####
......#..#.##.##r####...##
###.#.#..#.# ... ....
#.#.#..#.## .#.## ###
###.#.#..#..#..#..
......#.PP..####.. #####
......#P..PP...... #....
......#PP_PP#####.# ∆
#....


You could see Maggie (dazed), a bullfrog, 3 orcs and a quokka.

Vanquished Creatures
  A hippogriff (D:8)
  A hungry ghost (D:7)
  An ice beast (D:7)
  An ogre (D:8)
  3 killer bees (D:8)
  2 hounds
  Jessica (D:2)
  Terence (D:2)
  2 iguanas (D:4)
  5 orc wizards
  3 worker ants (D:4)
  Crazy Yiuf (D:2)
  5 adders
  2 oozes
  2 worms
  2 dart slugs
  2 leopard geckos
  12 orcs
  2 ball pythons
  7 giant cockroaches
  10 goblins
  11 hobgoblins
  14 jackals
  6 kobolds
  3 quokkas
  3 bats
  9 frilled lizards
  A jackal skeleton (D:4)
  3 rats
  A fungus (D:7)
117 creatures vanquished.

Vanquished Creatures (others)
  A fungus (D:7)
1 creature vanquished.

Grand Total: 118 creatures vanquished

Notes
Turn   | Place    | Note
-------+----------+-------------------------------------------
     0 | D:1      | MisterFreud the Gnoll Fighter began the quest for the Orb.
     0 | D:1      | Reached XP level 1. HP: 23/23 MP: 1/1
   132 | D:2      | Reached XP level 2. HP: 29/29 MP: 2/2
   187 | D:2      | Found a shimmering blue altar of Sif Muna.
   187 | D:2      | Found a glowing silver altar of Zin.
   243 | D:2      | Became a worshipper of Zin the Law-Giver
   311 | D:2      | Noticed Terence
   326 | D:2      | Killed Terence
   326 | D:2      | Reached skill level 1 in Invocations
   326 | D:2      | Reached XP level 3. HP: 35/35 MP: 2/4
   330 | D:2      | Noticed Jessica
   354 | D:2      | Killed Jessica
   354 | D:2      | Reached skill level 1 in Long Blades
   354 | D:2      | Reached skill level 1 in Axes
   354 | D:2      | Reached skill level 1 in Maces & Flails
   354 | D:2      | Reached skill level 1 in Polearms
   354 | D:2      | Reached skill level 1 in Staves
   354 | D:2      | Reached skill level 1 in Slings
   354 | D:2      | Reached skill level 1 in Bows
   354 | D:2      | Reached skill level 1 in Crossbows
   354 | D:2      | Reached skill level 1 in Throwing
   354 | D:2      | Reached skill level 1 in Dodging
   354 | D:2      | Reached skill level 1 in Stealth
   354 | D:2      | Reached skill level 1 in Unarmed Combat
   354 | D:2      | Reached skill level 1 in Spellcasting
   354 | D:2      | Reached skill level 1 in Evocations
   354 | D:2      | Reached XP level 4. HP: 36/41 MP: 5/5
   498 | D:1      | Reached skill level 1 in Conjurations
   498 | D:1      | Reached skill level 1 in Hexes
   498 | D:1      | Reached skill level 1 in Charms
   498 | D:1      | Reached skill level 1 in Summonings
   498 | D:1      | Reached skill level 1 in Necromancy
   498 | D:1      | Reached skill level 1 in Translocations
   498 | D:1      | Reached skill level 1 in Transmutations
   498 | D:1      | Reached skill level 1 in Fire Magic
   498 | D:1      | Reached skill level 1 in Ice Magic
   498 | D:1      | Reached skill level 1 in Air Magic
   498 | D:1      | Reached skill level 1 in Earth Magic
   498 | D:1      | Reached skill level 1 in Poison Magic
   762 | D:1      | Reached * piety under Zin
  1039 | D:1      | Reached XP level 5. HP: 42/47 MP: 6/6
  1392 | D:2      | Found a runed translucent door.
  1393 | D:2      | Noticed Crazy Yiuf
  1406 | D:2      | Killed Crazy Yiuf
  1694 | D:3      | Reached ** piety under Zin
  2373 | D:4      | Found a hazy altar of Hepliaklqana.
  2416 | D:4      | Found a sparkling altar of Nemelex Xobeh.
  2430 | D:4      | Reached XP level 6. HP: 48/53 MP: 8/8
  2519 | D:4      | Reached skill level 5 in Short Blades
  2786 | D:4      | Noticed Dowan
  2787 | D:4      | Noticed Duvessa
  2815 | D:4      | You fall into a shaft and drop 3 floors!
  2816 | D:7      | Noticed an ice beast
  2831 | D:7      | Noticed Joseph
  2839 | D:7      | Noticed Maggie
  2887 | D:8      | Gained mutation: You have sharp toenails. [potion of
                  | mutation]
  2887 | D:8      | HP: 2/53 [poisoned by a killer bee]
  2897 | D:8      | Reached XP level 7. HP: 9/59 MP: 7/10
  2956 | D:8      | Noticed a hippogriff
  2967 | D:8      | Killed a hippogriff
  3271 | D:8      | Reached XP level 8. HP: 63/67 MP: 12/12
  3533 | D:7      | Found a blossoming altar of Fedhas.
  3618 | D:7      | HP: 2/67 [Maggie/bolt of fire (19)]
  3619 | D:7      | Slain by a bullfrog

Levels and vault maps discovered:
D:1:      dpeg_arrival_castle, layout_loops_ring
D:2:      layout_rooms, chequers_temple_overflow_statue_of_worship,
          first_ration, uniq_crazy_yiuf_cottage, uniq_terence, uniq_jessica
D:3:      layout_loops_cross
D:4:      kennysheep_the_goblin_king, layout_loops_ring, kennysheep_little_box,
          hangedman_abyss_or_decor_jellyfish_corner, chequers_mini_garden,
          minmay_stone_trees_small, minmay_ruined_shrine, uniq_duvessa
D:7:      layout_basic, fedhas_altar_3, uniq_joseph, uniq_maggie
D:8:      layout_cave_pools, lair_entry_dummy, nicolae_ossuary_entry_monument,
          uniq_prince_ribbit1

Skill      XL: |  1  2  3  4  5  6  7  8 |
---------------+-------------------------+-----
Invocations    | 1 2 3 |  3.5
Long Blades    | 1 2 3 |  3.2
Axes           | 1 2 3 |  3.2
Maces & Flails | 1 2 3 |  3.2
Polearms       | 1 2 3 |  3.2
Staves         | 1 2 3 |  3.2
Slings         | 1 2 3 |  3.2
Bows           | 1 2 3 |  3.2
Crossbows      | 1 2 3 |  3.2
Throwing       | 1 2 3 |  3.2
Dodging        | 1 2 3 |  3.2
Stealth        | 1 2 3 |  3.2
Unarmed Combat | 1 2 3 |  3.2
Spellcasting   | 1 2 3 |  3.2
Evocations     | 1 2 3 |  3.2
Conjurations   | 1 2 |  2.6
Hexes          | 1 2 |  2.6
Charms         | 1 2 |  2.6
Summonings     | 1 2 |  2.6
Necromancy     | 1 2 |  2.6
Translocations | 1 2 |  2.6
Transmutations | 1 2 |  2.6
Fire Magic     | 1 2 |  2.6
Ice Magic      | 1 2 |  2.6
Air Magic      | 1 2 |  2.6
Earth Magic    | 1 2 |  2.6
Poison Magic   | 1 2 |  2.6
Short Blades   | 5 |  5.6
Fighting       | 7 |  7.3
Armour         | 7 |  7.3
Shields        | 7 |  7.3

Action                   |  1- 3 |  4- 6 |  7- 9 || total
-------------------------+-------+-------+-------++-------
Melee: Rapier            |    34 |   168 |    12 ||   214
       Bite              |     2 |    29 |    14 ||    45
       Dagger            |       |   107 |   104 ||   211
       Unarmed           |       |     1 |       ||     1
       Kick              |       |       |    36 ||    36
Invok: Recite            |       |     4 |     3 ||     7
       Vitalisation      |       |     1 |     1 ||     2
  Use: Potion            |       |     4 |       ||     4
       Scroll            |       |       |     8 ||     8
 Stab: Confused          |       |     1 |       ||     1
  Eat: Chunk             |       |     7 |     1 ||     8
       Ration            |       |       |     2 ||     2
Armor: Scale mail        |     9 |    72 |    47 ||   128
Dodge: Dodged            |    13 |    88 |    31 ||   132
Block: Kite shield       |    15 |   124 |    40 ||   179

Table legend:
 A = Non-vault XP
 B = Vault XP
 C = Vault XP percentage of total XP
 D = Non-vault monster count
 E = Vault monster count
 F = Vault count percentage of total count
                 A         B        C        D         E       F
            +---------+---------+-------+---------+---------+-------
      Total |    1500 |     210 |  12.3 |     101 |      15 |  12.9
            +---------+---------+-------+---------+---------+-------
        D:1 |      47 |       0 |   0.0 |      22 |       0 |   0.0
        D:2 |      75 |     106 |  58.6 |      25 |       3 |  10.7
        D:3 |      80 |       0 |   0.0 |      19 |       0 |   0.0
        D:4 |     172 |     104 |  37.7 |      13 |      12 |  48.0
        D:7 |     404 |       0 |   0.0 |       8 |       0 |   0.0
        D:8 |     722 |       0 |   0.0 |      14 |       0 |   0.0
            +---------+---------+-------+---------+---------+-------
